 Dungeon Crawl Stone Soup version 0.28.0-47-ge53b351184 (webtiles) character file.

Game seed: 1509287571134343836

3514 pkoi the Martial Artist (level 9, -6/68 HPs)
             Began as a Demigod Gladiator on Apr 25, 2022.
             Mangled by a wyvern (11 damage)
             ... on level 8 of the Dungeon.
             The game lasted 00:19:28 (16144 turns).

pkoi the Martial Artist (Demigod Gladiator)        Turns: 16144, Time: 00:19:29

Health: -6/68      AC: 11    Str: 21    XL:     9   Next: 52%
Magic:  6/18       EV: 17    Int: 22    God:
Gold:   392        SH:  0    Dex: 15    Spells: 13/16 levels left

rFire   . . .      SeeInvis .     - Unarmed
rCold   . . .      Faith    .   (no shield)
rNeg    . . .      Spirit   .   a - +0 leather armour
rPois   .          Reflect  .   y - +2 helmet
rElec   .          Harm     .   j - +1 cloak of Starlight {*Dazzle EV+4 Stlth--}
rCorr   +          Rampage  .   (no gloves)
Will    .....                   p - +2 pair of boots
Stlth   ..........              i - amulet of magic regeneration
HPRegen 0.21/turn               t - ring of resist corrosion
MPRegen 0.56/turn               z - +6 ring of strength

@: no status effects
A: high MP 1, forlorn, divine attributes
a: no special abilities


You were on level 8 of the Dungeon.
You visited 2 branches of the dungeon, and saw 9 of its levels.

You collected 392 gold pieces.

Inventory:

Hand Weapons
 f - a +0 long sword
 g - a +5 flail of draining
 h - a +1 dagger
 k - a +2 vorpal war axe
 n - a +2 short sword of speed
 B - a +2 dagger of venom
Missiles
 c - a throwing net (quivered)
 o - 5 javelins
Armour
 a - a +0 leather armour (worn)
 b - a +1 helmet
 j - the +1 cloak of Starlight (worn) {*Dazzle EV+4 Stlth--}
   (You acquired it on level 2 of the Dungeon)

   It may blind those who miss an attack against the wearer in melee combat.
   EV:        It affects your evasion (+4).
   Stlth:     It makes you much less stealthy.
 p - a +2 pair of boots (worn)
 q - the +6 tower shield of the Thirteen Bones {Rampage Stlth+}
   (You found it on level 4 of the Dungeon)

   Rampage:   It bestows one free step when moving towards enemies.
   Stlth:     It makes you more stealthy.
 y - a +2 helmet (worn)
Jewellery
 i - an amulet of magic regeneration (around neck)
 t - a ring of resist corrosion (left hand)
 z - a +6 ring of strength (right hand)
Scrolls
 m - 4 scrolls of enchant armour
 u - a scroll of fear
 C - a scroll of teleportation
Potions
 d - 2 potions of invisibility
 e - a potion of haste
 l - a potion of might
 r - a potion of magic
 s - a potion of cancellation
 v - 2 potions of flight
 x - 2 potions of brilliance
 A - a potion of curing


   Skills:
 - Level 2.3 Fighting
 - Level 1.7 Throwing
 - Level 4.1 Dodging
 - Level 3.0 Stealth
 + Level 4.7 Shields
 * Level 8.7 Unarmed Combat
 - Level 4.0 Spellcasting
 + Level 5.3 Translocations


You had 13 spell levels left.
You knew the following spells:

 Your Spells              Type           Power      Damage    Failure   Level
a - Gell's Gravitas       Tloc           28%        N/A       4%          3

Your spell library contained the following spells:

 Spells                   Type           Power      Damage    Failure   Level
 Lesser Beckoning         Tloc           28%        N/A       4%          3
 Teleport Other           Tloc           28%        N/A       4%          3
 Summon Small Mammal      Summ           16%        N/A       13%         1
 Ensorcelled Hibernation  Hex/Ice        8%         N/A       19%         2
 Passwall                 Tmut/Erth      3%         N/A       19%         2
 Call Canine Familiar     Summ           4%         N/A       36%         3
 Summon Guardian Golem    Hex/Summ       4%         N/A       36%         3
 Swiftness                Air            4%         N/A       36%         3


Dungeon Overview and Level Annotations

Branches:
Dungeon (8/15)             Temple (1/1) D:4
   Lair: D:8-11

Annotations:
D:5 5 runed translucent doors
D:8 Gastronok


Innate Abilities, Weirdness & Mutations

You have an increased reservoir of magic. (+10% MP)
You shall have no god before yourself.
Your divine heritage dramatically boosts your attributes as you level up.


Message History

The orc warrior collides with the wyvern!
The wyvern is severely wounded.
The orc warrior is heavily wounded.
Something collides with the wyvern!
The wyvern is severely wounded.
The wyvern closely misses you. The orc warrior misses you.
The wyvern barely misses you.
Unknown command.
Casting: Gell's Gravitas (dangerous; 4% risk of failure)
Confirm with . or Enter, or press ? or * to list all spells.
Aiming: Gell's Gravitas (dangerous; 4% risk of failure)
Press: ? - help, Dir - move target, f - orc warrior, p - wyvern
Aim: an orc warrior, wielding a +0 halberd and wearing a +0 chain mail (heavily wounded) Gravity reorients around the orc warrior.
The wyvern collides with the orc warrior!
The orc priest collides with the orc warrior!
The orc warrior is heavily wounded.
You kill the orc priest!
The wyvern is no longer blind.
The orc warrior closely misses you. The wyvern bites you!
* * * LOW HITPOINT WARNING * * *
Unknown command.
Unknown command.
Casting: Gell's Gravitas (dangerous; 4% risk of failure)
Confirm with . or Enter, or press ? or * to list all spells.
Aiming: Gell's Gravitas (dangerous; 4% risk of failure)
Press: ? - help, Dir - move target, f/p - orc warrior
Aim: an orc warrior, wielding a +0 halberd and wearing a +0 chain mail (heavily wounded) Gravity reorients around the orc warrior.
The wyvern collides with the orc warrior!
The wyvern is severely wounded.
The wyvern bites you but does no damage.
The orc warrior hits you from afar with a +0 halberd!
* * * LOW HITPOINT WARNING * * *
The wyvern bites you but does no damage.
Unknown command.
Unknown command.
There is a stone staircase leading up here.
The wyvern bites you!
You die...

+#...#
#####.... ###
#....... ....
#.oo.).♣.....
#..o.........
###o....#
##.'#...#..#
#.l.#...#
#@.##...#
#### ...#
..## ###


You could see an orc warrior and a wyvern.

Vanquished Creatures
  Grinder (D:3)
  Sigmund (D:5)
  Edmund (D:5)
  2 water moccasins
  2 ice beasts (D:7)
  2 sky beasts (D:7)
  An orc warrior (D:6)
  A necrophage (D:6)
  3 centaurs
  An ogre (D:6)
  2 phantoms
  A kobold brigand (D:6)
  Blork the orc (D:4)
  3 scorpions
  3 bullfrogs
  A gnoll sergeant (D:5)
  A water moccasin skeleton (D:5)
  10 killer bees
  5 wights (D:7)
  A hound (D:4)
  2 bullfrog skeletons
  A centaur skeleton (D:7)
  A jelly (D:5)
  4 orc priests
  An iguana (D:5)
  An orc wizard (D:3)
  A hound skeleton (D:4)
  5 gnolls
  7 adders
  A shadow imp (D:4)
  A white imp (D:6)
  2 ufetubi
  2 worms
  10 dart slugs
  22 orcs
  A bat zombie (D:4)
  3 endoplasms
  2 giant cockroaches
  7 goblins
  7 hobgoblins
  3 jackals (D:1)
  8 kobolds
  4 quokkas
  7 ball pythons
  4 bats
  4 frilled lizards
  3 rats
  3 rat zombies (D:4)
160 creatures vanquished.

Vanquished Creatures (others)
  7 fungi (D:2)
  4 plants
11 creatures vanquished.

Grand Total: 171 creatures vanquished

Notes
Turn   | Place    | Note
-------+----------+-------------------------------------------
     0 | D:1      | pkoi the Demigod Gladiator began the quest for the Orb.
     0 | D:1      | Reached XP level 1. HP: 17/17 MP: 3/3
   626 | D:1      | Reached skill level 3 in Unarmed Combat
  1118 | D:1      | Reached XP level 2. HP: 13/24 MP: 4/4
  2626 | D:2      | Reached XP level 3. HP: 24/29 MP: 5/5
  3099 | D:2      | Identified a scroll of acquirement
  3099 | D:2      | Acquired the +1 cloak of Starlight {*Dazzle EV+4 Stlth--}
  3099 | D:2      | Found the +1 cloak of Starlight {*Dazzle EV+4 Stlth--}
  3401 | D:3      | Reached skill level 4 in Unarmed Combat
  4579 | D:3      | Reached XP level 4. HP: 12/36 MP: 5/7
  5507 | D:2      | Learned a level 3 spell: Gell's Gravitas
  5547 | D:3      | Reached skill level 1 in Translocations
  5720 | D:2      | Reached skill level 1 in Stealth
  6490 | D:3      | Reached skill level 1 in Spellcasting
  6490 | D:3      | Reached XP level 5. HP: 28/41 MP: 7/9
  6764 | D:3      | Noticed Grinder
  6770 | D:3      | Paralysed by Grinder for 2 turns
  7441 | D:3      | Paralysed by Grinder for 7 turns
  7735 | D:4      | Identified the +6 tower shield of the Thirteen Bones
                  | {Rampage Stlth+}
  7800 | D:4      | Reached XP level 6. HP: 35/49 MP: 9/11
  7811 | D:3      | Paralysed by Grinder for 4 turns
  7819 | D:3      | Paralysed by Grinder for 2 turns
  8199 | D:3      | Paralysed by Grinder for 4 turns
  8208 | D:3      | Paralysed by Grinder for 3 turns
  8215 | D:3      | Killed Grinder
  8216 | D:3      | Reached skill level 5 in Unarmed Combat
  8720 | D:4      | Found a staircase to the Ecumenical Temple.
  8729 | Temple   | Entered the Ecumenical Temple
  9080 | D:5      | Entered Level 5 of the Dungeon
  9398 | D:4      | Reached XP level 7. HP: 26/56 MP: 13/13
  9699 | D:5      | Noticed Edmund
  9723 | D:5      | Noticed Sigmund
  9726 | D:5      | Noticed Blork the orc
  9757 | D:4      | Reached skill level 1 in Shields
  9821 | D:4      | Killed Blork the orc
 10259 | D:5      | Killed Sigmund
 10387 | D:5      | Killed Edmund
 10388 | D:5      | Reached skill level 6 in Unarmed Combat
 10742 | D:5      | Reached XP level 8. HP: 31/60 MP: 15/15
 11158 | D:5      | Found the +9 staff of Olgreb {rPois∞}
 11167 | D:5      | Found a runed translucent gate.
 11168 | D:5      | Found a runed translucent door.
 11179 | D:5      | Found a runed translucent gate.
 11179 | D:5      | Found a runed translucent gate.
 11181 | D:5      | Found a runed translucent door.
 12707 | D:6      | Reached skill level 7 in Unarmed Combat
 13507 | D:7      | Identified the +1 robe of the Nexus {rPois rC- MP+9 Slay+3}
 13733 | D:7      | Reached XP level 9. HP: 56/67 MP: 18/18
 14121 | D:7      | Reached skill level 8 in Unarmed Combat
 14378 | D:7      | Reached skill level 5 in Translocations
 14882 | D:8      | Noticed Gastronok
 16144 | D:8      | Mangled by a wyvern

Illustrated notes

Levels and vault maps discovered:
D:1:      psy_arrival_fountain, layout_basic, minmay_misc_feat_diagonals
D:2:      layout_rooms, shapermc_ecumenical_altar_mp_urbaneastern
D:3:      layout_rooms, minmay_starry_boxes, uniq_grinder
D:4:      layout_rooms, lemuel_zombie_altar_kikubaaqudgha,
          minmay_temple_entry_poolview, kennysheep_generic_room_5
D:5:      kennysheep_slugbush, layout_basic,
          minmay_guarded_unrand_staff_of_olgreb, uniq_edmund,
          uniq_blork_the_orc, uniq_sigmund
D:6:      layout_basic
D:7:      minmay_inner_zag, layout_loops_ring, nrook_campfire
D:8:      layout_basic, hangedman_ru_absence, lair_entry_dummy,
          grunt_ministairs_6, hangedman_decor_lopped, uniq_gastronok
Temple:   hc_temple_tempest_star

Skill      XL: |  1  2  3  4  5  6  7  8  9 |
---------------+----------------------------+-----
Unarmed Combat | 3 4 5 6 7 8 |  8.7
Fighting       | 2 |  2.3
Dodging        | 3 4 |  4.1
Translocations | 1 2 3 4 5 |  5.3
Stealth        | 1 2 3 |  3.0
Spellcasting   | 1 2 4 |  4.0
Shields        | 2 3 4 |  4.7
Throwing       | |  1.7

Action                   |  1- 3 |  4- 6 |  7- 9 || total
-------------------------+-------+-------+-------++-------
Melee: Unarmed           |    86 |   232 |   536 ||   854
       Punch             |     8 |     9 |     4 ||    21
       Dagger            |   178 |    96 |    10 ||   284
       Flail             |       |       |     1 ||     1
Throw: Throwing net      |     2 |       |     2 ||     4
 Cast: Gell's Gravitas   |       |       |    11 ||    11
  Use: Scroll            |     5 |     7 |     6 ||    18
       Potion            |       |     1 |     1 ||     2
 Stab: Invisible         |     3 |    11 |    18 ||    32
       Held in net/web   |     1 |       |       ||     1
       Sleeping          |       |       |     1 ||     1
Armor: Leather armour    |    61 |    81 |   110 ||   252
Dodge: Dodged            |   150 |   202 |   191 ||   543
Block: Tower shield      |       |   154 |   488 ||   642
